 Dungeon Crawl Stone Soup version 0.31.0-11-ge490571c62 (webtiles) character file.

Game seed: 15804060263875566107

6325 FilipinaGunslinger the Cleaver (level 10, -6/74 HPs)
             Began as a Human Gladiator on Feb 2, 2024.
             Was a Priest of Nemelex Xobeh.
             Mangled by a two-headed ogre
             ... wielding a +0 giant club
              (25 damage)
             ... on level 9 of the Dungeon.
             The game lasted 00:31:57 (8353 turns).

FilipinaGunslinger the Cleaver (Human Gladiator)    Turns: 8353, Time: 00:31:58

Health: -6/74      AC:  7    Str: 16    XL:     10   Next: 95%
Magic:  0/13       EV: 15    Int: 17    God:    Nemelex Xobeh [***...]
Gold:   513        SH:  0    Dex: 21    Spells: 8/9 levels left

rFire   + + +        n - +2 war axe of Sloth {freeze, rF+ Int+2}
rCold   . . .        (no shield)
rNeg    + . .        o - +2 leather armour {Will+}
rPois   .            z - +0 helmet of the Swan {rN+ Will++ Int+4}
rElec   .            k - scarf {rC+ rF+}
rCorr   .            (no gloves)
SInv    .            (no boots)
Will    +++..        l - amulet of guardian spirit
Stlth   +++          t - +6 ring of dexterity
HPRegen 0.32/turn    G - ring of fire
MPRegen 0.13/turn

%: clarity, guardian spirit
@: about to teleport
A: explore regen, clarity, shaggy fur 1
a: Renounce Religion, Draw Escape, Draw Destruction, Draw Summoning, Triple Draw


You were on level 9 of the Dungeon.
You worshipped Nemelex Xobeh.
Nemelex Xobeh was most pleased with you.
You visited 2 branches of the dungeon, and saw 10 of its levels.
You also visited: Sewer.

You collected 513 gold pieces.

Inventory:

Hand Weapons
 a - a +1 quarterstaff
 n - the +2 war axe of Sloth (weapon) {freeze, rF+ Int+2}
   (You found it on level 4 of the Dungeon)

   Int+2:     It affects your intelligence (+2).
   rF+:       It protects you from fire.
Missiles
 d - 2 throwing nets
 e - a javelin
 i - 15 boomerangs (quivered)
Armour
 b - a +0 leather armour
 c - a +0 helmet
 k - a scarf of resistance (worn)
 o - a +2 leather armour of willpower (worn)
 z - the +0 helmet of the Swan (worn) {rN+ Will++ Int+4}
   (You found it in a sewer)

   Int+4:     It affects your intelligence (+4).
   rN+:       It protects you from negative energy.
   Will++:    It greatly increases your willpower.
Jewellery
 l - an amulet of guardian spirit (around neck)
 t - a +6 ring of dexterity (left hand)
 G - a ring of fire (right hand)
Talismans
 q - a blade talisman
 s - a beast talisman
 y - a serpent talisman
Wands
 v - a wand of charming (2)
 B - a wand of flame (27)
 E - a wand of digging (3)
 J - a wand of roots (8)
Scrolls
 j - 5 scrolls of teleportation
 m - a scroll of fog
 r - a scroll of revelation
 u - 2 scrolls of vulnerability
 A - 2 scrolls of noise
 C - a scroll of enchant weapon
Potions
 f - a potion of lignification
 g - a potion of degeneration
 h - 2 potions of attraction
 p - 2 potions of ambrosia
 w - 2 potions of invisibility
 x - 2 potions of mutation
 D - 2 potions of enlightenment
 F - a potion of might
 I - a potion of resistance


   Skills:
 * Level 5.4 Fighting
 * Level 8.3(8.4) Axes
 - Level 1.1(6.0) Polearms
 - Level 4.1(4.2) Staves
 + Level 4.6 Throwing
 * Level 5.0 Armour
 * Level 6.0 Dodging
 * Level 4.8 Stealth
 - Level 0.4 Spellcasting
 - Level 0.5 Ice Magic
 * Level 4.9 Invocations
 * Level 4.0 Evocations
 * Level 3.5 Shapeshifting


You had 8 spell levels left.
You knew the following spells:

 Your Spells              Type           Power      Damage    Failure   Level
a - Freeze                Ice            8%         1d3       22%         1

Your spell library contained the following spells:

 Spells                   Type           Power      Damage    Failure   Level
 Ensorcelled Hibernation  Hex/Ice        2%         N/A       36%         2
 Scorch                   Fire           0%         2d5       38%         2
 Frozen Ramparts          Ice            4%         1d1       54%         3
 Hailstorm                Conj/Ice       1%         3d5       58%         3
 Call Canine Familiar     Summ           0%         N/A       63%         3
 Fugue of the Fallen      Necr           0%         N/A       63%         3
 Sigil of Binding         Hex            0%         N/A       63%         3
 Anguish                  Hex/Necr       0%         N/A       95%         4
 Animate Dead             Necr           0%         N/A       95%         4
 Dimensional Bullseye     Hex/Tloc       0%         N/A       95%         4
 Flame Wave               Conj/Fire      0%         2d4       95%         4
 Borgnjor's Vile Clutch   Necr/Erth      0%         N/A       100%        5
 Death Channel            Necr           0%         N/A       100%        6
 Summon Cactus Giant      Summ           0%         N/A       100%        6


Dungeon Overview and Level Annotations

Branches:
Dungeon (9/15)             Temple (1/1) D:4            Lair (0/5) D:9
    Orc (0/2) D:9           Sewer (visited)

Altars:
Ashenzari
Dithmenos
Elyvilon
Fedhas
Gozag
Hepliaklqana
Kikubaaqudgha
Makhleb
Nemelex Xobeh
Okawaru
Ru
Sif Muna
Vehumet
Wu Jian
Xom
Yredelemnul
Zin
The Shining One


Innate Abilities, Weirdness & Mutations

You regain HP and MP as you explore.
You possess an exceptional clarity of mind.
You are covered in fur. (AC +1)


Message History

Aim: an ogre zombie (chance to affect: 71%)
The ogre zombie is charmed.
What are your orders? t - Shout!
Orders for allies: a - Attack new target. p - Attack previous target. r - Retreat! s - Stop attacking. g - Guard the area. f - Follow me.
Anything else - Cancel.
Gang up on whom?
Press: ? - help, Dir - move target, f - two-headed ogre, p - ogre zombie
Aim: a two-headed ogre, wielding two +0 giant clubs Attack!
The two-headed ogre hits you with a +0 giant club.
The two-headed ogre hits you with a +0 giant club!!
The gnoll skeleton hits your ogre zombie.
Your ogre zombie hits the two-headed ogre.
The steam dragon bites your ogre zombie!
The steam dragon claws your ogre zombie.
The gnoll skeleton hits your ogre zombie.
The steam dragon completely misses your ogre zombie.
The steam dragon claws your ogre zombie.
Your ogre zombie hits something!
The two-headed ogre misses you. The two-headed ogre closely misses you.
Something bites your ogre zombie. Something claws your ogre zombie.
Aiming: Fastroot
Press: ? - help, Shift-Dir - straight line, p - two-headed ogre The roots erupt in riotous growth!
Aiming: Fastroot
Press: ? - help, Shift-Dir - straight line, f - two-headed ogre
Aim: a two-headed ogre, wielding two +0 giant clubs (lightly wounded)
Okay, then.
As you read the scroll of teleportation, it crumbles to dust.
You feel strangely unstable.
The two-headed ogre hits you with a +0 giant club!
* * * LOW HITPOINT WARNING * * *
The two-headed ogre closely misses you.
The two-headed ogre attacks as it pursues you!
The two-headed ogre hits you with a +0 giant club!!
You die...
Your body glows slightly and disappears.

#......<.
####...###.P........
+<.O.....
+............P......
#........
####...##...........
##.......
#.....).........>♣..
#.....#
#..).###.......♣....
....## #.)..#
#..♣.........
...#####..).#
#.#P.........
8..Z...#.#.####.#........
.......#..@.....##.......
$......###O###### #.....
......Z.##.# #..
W.....8D.#.# .......ZZ..#
$......###.# .......#...#
8......##### ...####


You could see a two-headed ogre.

Vanquished Creatures
  A centaur warrior (D:9)
  2 wyverns (D:9)
  10 yaks
  4 water moccasins
  An ice beast (D:5)
  2 sky beasts (D:7)
  2 orc warriors
  A black bear (D:6)
  2 centaurs
  A phantom (D:9)
  2 kobold brigands
  3 bullfrogs
  A brain worm (Sewer)
  A scorpion (D:5)
  7 wights (D:9)
  6 killer bees
  A quasit (D:6)
  3 hounds
  5 jellies
  2 sleepcaps
  3 orc priests
  3 iguanas
  3 orc wizards
  3 ogre zombies (D:9)
  6 gnolls
  8 adders
  5 river rats
  5 shadow imps (D:6)
  5 white imps (D:6)
  An ufetubus (D:6)
  2 ribbon worms
  3 dart slugs
  30 orcs
  11 ball pythons (Sewer)
  15 bats
  6 endoplasms
  7 giant cockroaches
  2 gnoll zombies (D:9)
  13 goblins
  10 hobgoblins
  10 jackals
  4 quokkas
  5 frilled lizards
  2 gnoll skeletons (D:9)
  19 kobolds
  An orc skeleton (D:9)
  8 orc zombies (D:9)
  11 rats
258 creatures vanquished.

Vanquished Creatures (collateral kills)
  A black bear (D:8)
  8 wights
  A killer bee (D:9)
  A jelly (D:5)
  3 gnolls (D:5)
14 creatures vanquished.

Vanquished Creatures (others)
  A troll (D:9)
  A yak (D:9)
  2 killer bees (D:9)
  An orc wizard (D:6)
  An ogre zombie (D:9)
  An orc (D:6)
  2 orc zombies (D:9)
9 creatures vanquished.

Grand Total: 281 creatures vanquished

Notes
Turn   | Place    | Note
-------+----------+-------------------------------------------
     0 | D:1      | FilipinaGunslinger the Human Gladiator began the quest for
                  | the Orb.
     0 | D:1      | Reached XP level 1. HP: 16/16 MP: 1/1
    77 | D:1      | Reached XP level 2. HP: 21/22 MP: 2/2
   209 | D:2      | Reached XP level 3. HP: 17/27 MP: 3/3
   559 | D:4      | Reached skill level 1 in Stealth
   559 | D:4      | Reached XP level 4. HP: 15/33 MP: 4/4
   725 | D:4      | Reached skill level 1 in Polearms
   888 | D:4      | Reached skill level 1 in Armour
   929 | D:4      | Reached XP level 5. HP: 37/39 MP: 5/5
  1043 | D:4      | Identified the +2 war axe of Sloth {freeze, rF+ Int+2}
  1053 | D:4      | Identified the +1 hand axe of the End of Times {freeze, rN+
                  | Will+}
  1173 | D:4      | Found a staircase to the Ecumenical Temple.
  1188 | Temple   | Entered the Ecumenical Temple
  1221 | Temple   | Became a worshipper of Nemelex Xobeh the Trickster
  1414 | D:4      | Reached skill level 1 in Axes
  1561 | D:4      | Reached XP level 6. HP: 46/46 MP: 6/6
  1949 | D:3      | Found a glowing golden altar of the Shining One.
  1951 | D:3      | Found a faded altar of an unknown god.
  2948 | D:2      | Reached * piety under Nemelex Xobeh
  2967 | D:2      | Received a gift from Nemelex Xobeh
  3020 | D:2      | Gained mutation: You possess an exceptional clarity of
                  | mind. [potion of mutation]
  3020 | D:2      | Gained mutation: You are covered in fur. (AC +1) [potion of
                  | mutation]
  3294 | D:1      | Learned a level 1 spell: Freeze
  3511 | D:5      | Entered Level 5 of the Dungeon
  3537 | D:5      | Reached skill level 2 in Axes
  3628 | D:5      | Reached XP level 7. HP: 48/52 MP: 3/7
  3735 | D:5      | Reached skill level 1 in Invocations
  3796 | D:5      | Reached skill level 1 in Shapeshifting
  3807 | D:5      | Reached skill level 3 in Axes
  4193 | D:6      | Reached ** piety under Nemelex Xobeh
  4213 | D:6      | Reached XP level 8. HP: 49/58 MP: 5/9
  4258 | D:6      | Reached skill level 4 in Axes
  4348 | D:6      | Found a shadowy altar of Dithmenos.
  4382 | D:6      | Reached skill level 1 in Evocations
  4422 | D:6      | Found a glowing drain.
  4437 | Sewer    | Entered a sewer
  4579 | Sewer    | Identified the +0 helmet of the Swan {rN+ Will++ Int+4}
  5239 | D:6      | Found a shimmering altar of Xom.
  5278 | D:6      | Reached skill level 5 in Axes
  5718 | D:7      | Reached skill level 5 in Dodging
  5718 | D:7      | Reached XP level 9. HP: 56/65 MP: 10/10
  6230 | D:7      | Reached *** piety under Nemelex Xobeh
  6276 | D:7      | Found an opulent altar of Gozag.
  6276 | D:7      | Found a glowing silver altar of Zin.
  6433 | D:8      | Found a burning altar of Makhleb.
  6597 | D:8      | Reached skill level 6 in Axes
  6989 | D:8      | Reached XP level 10. HP: 26/68 MP: 5/12
  6990 | D:8      | Reached skill level 7 in Axes
  6997 | D:8      | Reached skill level 5 in Fighting
  7276 | D:8      | Found an ornate altar of the Wu Jian Council.
  7491 | D:8      | Found a radiant altar of Vehumet.
  7594 | D:9      | Noticed a two-headed ogre
  7626 | D:9      | Noticed a centaur warrior
  7640 | D:9      | Killed a centaur warrior
  7880 | D:9      | Found a staircase to the Lair.
  7902 | D:9      | Identified the +2 long sword "Jiggomim" {freeze, rF+++ rN++
                  | Will++ Str-3 Int-5}
  7994 | D:9      | Reached skill level 5 in Armour
  8002 | D:9      | Reached skill level 8 in Axes
  8273 | D:9      | Found a staircase to the Orcish Mines.
  8353 | D:9      | Mangled by a two-headed ogre

Illustrated notes

Levels and vault maps discovered:
D:1:      minmay_arrival_hallway, layout_rooms
D:2:      layout_loops_cross, kennysheep_cross_bottleneck
D:3:      layout_basic, nicolae_overflow_ecumenical_swirl,
          minmay_stone_trees_small
D:4:      corexii_shantytown, layout_basic,
          minmay_temple_entry_drinking_statues, chequers_avenue
D:5:      layout_basic
D:6:      layout_basic, mainiacjoe_overflow_cross_hatched, lemuel_crystal_altar,
          portal_sewer_entry_b, serial_demonic, serial_demonic_c,
          serial_demonic_c, serial_demonic_d, serial_demonic_b,
          serial_demonic_b, serial_demonic_g
D:7:      layout_loops_cross, grunt_temple_overflow_gold_and_silver
D:8:      layout_gridville, vehumet_altar_wand_db,
          mainiacjoe_overflow_catch_the_wave, chequers_jeans,
          hangedman_decor_growths
D:9:      layout_loops_corners, chei_slow_surprise, nicolae_uskayaw_dance_hall,
          minmay_lair_entry_grove, zombieorc2_lemuel
Temple:   hellmonk_temple_micro_hex

Skill      XL: |  1  2  3  4  5  6  7  8  9 10 |
---------------+-------------------------------+-----
Stealth        | 1 2 3 4 |  4.8
Polearms       | 1 |  1.1
Staves         | 4 |  4.1
Armour         | 1 2 3 4 5 |  5.0
Axes           | 1 2 3 5 6 8 |  8.3
Fighting       | 3 4 5 |  5.4
Throwing       | 3 4 |  4.6
Dodging        | 4 5 6 |  6.0
Invocations    | 1 2 3 4 |  4.9
Shapeshifting  | 1 2 3 |  3.5
Evocations     | 2 3 4 |  4.0
Spellcasting   | |  0.4
Ice Magic      | |  0.5

Action                     |  1- 3 |  4- 6 |  7- 9 | 10-12 || total
---------------------------+-------+-------+-------+-------++-------
  Melee: Quarterstaff      |    80 |    55 |       |       ||   135
         War axe           |       |    77 |   256 |   139 ||   472
         Punch             |       |       |     5 |     2 ||     7
  Throw: Throwing net      |       |     2 |       |       ||     2
         Javelin           |       |     2 |       |       ||     2
         Boomerang         |       |    65 |    57 |    23 ||   145
 Invoke: Draw Destruction  |       |       |     5 |     1 ||     6
         Draw Escape       |       |       |     1 |     2 ||     3
         Draw Summoning    |       |       |     1 |     1 ||     2
  Evoke: Wand              |       |       |     3 |    10 ||    13
    Use: Scroll            |     4 |     9 |     8 |     1 ||    22
         Potion            |       |     1 |     4 |     5 ||    10
   Stab: Sleeping          |       |     7 |     3 |       ||    10
 Armour: Leather armour    |    50 |    61 |   254 |    85 ||   450
         Skin              |       |       |       |     9 ||     9
  Dodge: Dodged            |    76 |    92 |   372 |   131 ||   671
